Zazza, neutral female human Monk ---------- |........| ------- ----.-- |.........# |.....| |.....| |........|# `##-.....| #|.....| |........|# # |......# ###|.....| |........|#### |.....|# ---------------- ###......| -.--------## #......|# ##-...............### ----@-- # ### %-------# # |..>...........| # # ## ##### # ------ ### |....^.........| # # #### # # |....| # ---------------- # --|---- # # # # ##.<...|### # |.....+## # # ### # |....|# # |.....| # # #----- ### |....|# ## |.....|########## # [|...| # |....-# -|- -------# # ---|--# #....-#### |....| |.).| ##.....-# |[..| ------ |+("| |....| ----- |?%[| ------ ----- Zazza the Novice Experience level: 4 Strength: 18/08 Dexterity: 8 Constitution: 14 Intelligence: 10 Wisdom: 15 Charisma: 9 Health: 0(33) Energy: 12(24) Def: 6 Gold: 0 Moves: 1337 Dungeon seed: BNEI1t6-eiriMvxm Game ID: Zazza_1577221445 Your Inventory: Weapons l - 8 +1 crossbow bolts u - a cursed -1 sling Armor e - an uncursed +2 pair of leather gloves (being worn) n - an uncursed +1 robe (being worn) q - an uncursed +2 ring mail Comestibles d - 9 uncursed food rations f - 7 uncursed apples g - 5 uncursed oranges h - 4 uncursed fortune cookies i - an uncursed lembas wafer k - an uncursed egg Scrolls b - an uncursed scroll of light j - a blessed scroll of light s - an uncursed scroll of magic mapping v - an uncursed scroll of enchant weapon y - an uncursed scroll of remove curse Spellbooks a - a blessed spellbook of sleep t - an uncursed spellbook of charm monster Potions c - 3 uncursed potions of healing Rings w - an uncursed ring of stealth (on left hand) Wands x - a wand of make invisible (0:2) Tools o - an uncursed tallow candle (0:200) p - an uncursed skeleton key Spells and supernatural/magical abilities: Name Level Category Fail Memory e - charm monster 3 enchantment 88% 99% z - sleep 1 enchantment 0% 94% W - pray for help -- divine ? -- Your skills at the end: Fighting Skills martial arts [Basic] Weapon Skills Spellcasting Skills healing spells [Basic] Final Attributes: You were devoutly aligned. You were sleep resistant. You were poison resistant. You saw invisible. You were invisible to others. You were stealthy. You were fast. You are dead. Vanquished creatures: a shrieker a floating eye a werejackal a coyote 2 hobbits 3 giant rats a cave spider a yellow mold a gecko 3 jackals 4 goblins a sewer rat 3 grid bugs 2 lichens a kobold zombie 2 newts 28 creatures vanquished. Voluntary challenges: You followed a strict vegan diet. You were an atheist. You never hit with a wielded weapon. You read items or engraved 8 times, starting on turn 999. You never genocided any monsters. You never polymorphed an object. You never changed form. You used no wishes. You never split a pudding. You wrote Elbereth's name 2 times, starting on turn 1127. You violated your moral code, losing 1 point of alignment, starting on turn 1324. Dungeon overview: The Dungeons of Doom: levels 1 to 4 Level 1 a long staircase Level 2 Level 3 a fountain a long staircase Level 4 <- You were here a general store History has recorded: On T:1 you entered the Dungeons of Doom to retrieve the Amulet of Yendor! On T:363 you reached level 2 of The Dungeons of Doom. On T:369 you advanced to experience level 2. On T:623 you reached level 3 of The Dungeons of Doom. On T:740 you advanced to experience level 3. On T:828 you reached level 4 of The Dungeons of Doom. On T:1237 you advanced to experience level 4. Score breakdown: Gold: 0 ( 0 points) Experience: 4 levels ( 9649 points) Exploration: 4 levels ( 8.70%) ( 7745 points) Discoveries: 3 items ( 1.07%) ( 3105 points) Valuables value: (no points given unless you survive) Artifact value: 0 ( 0 points) Variety of kills: 16 monsters ( 4.20%) ( 6147 points) Turncount: 1337 turns ( 0 points) Survival: died (score multiplied by 80%) Total score: 21316 Latest messages: Pakka Pakka zaps a tin wand! The wand hits you! Pakka Pakka zaps a wand of striking! The wand hits you! You don't have enough energy to cast that spell. x - a wand of make invisible. Pakka Pakka turns transparent! You hit Pakka Pakka the invisible shopkeeper. Pakka Pakka the invisible shopkeeper zaps a wand of striking! The wand hits you! You hear the howling of the CwnAnnwn... Pakka Pakka the invisible shopkeeper zaps a wand of striking! The wand misses you. The crossbow bolt misses Pakka Pakka the invisible shopkeeper. Pakka Pakka the invisible shopkeeper zaps a wand of striking! The wand hits you! You die... Pakka Pakka takes all your possessions. Final status: Goodbye Zazza the Monk, killed by a wand... You died in The Dungeons of Doom on dungeon level 4 with 21316 points, and 0 pieces of gold, after 1337 moves. You were level 4 with a maximum of 33 hit points when you died.